Unix NetHack Version 3.7.0-59 Work-in-progress - last build Jun 15 2022 12:00:05 (ba19de5de9b105df43ec81f7b8aaf5e01ff60ae8,branch:master). Game began 2022-06-20 09:29:25, ended 2022-06-21 09:47:07. pescepalla, lawful male human Monk ------- ---- --- |.)--.-- |..| --..----- |......| |..| --.......--- --.....------ |.-- 2 |..........| |......%.%%.--------.| 2 -......).----......---..........--- --..........|......| -------..-...| ---..............-- |...--.| ---...<..%......| --...%.| 1 --..---.......| --)|..--- |..| |......-- -.--...------- ---- ----...| |...|....@L.....| -------..-- -........|G.----- |..--....| |.........|...- -- ---.......-- |.......... ... --.----.........| ............#-#- |........----.--- |...............# --..--.--- --- --...---.......-- ------- ---- -----.--- --- Pescepalla the Initiate St:18/02 Dx:13 Co:16 In:10 Wi:9 Ch:10 Lawful Dlvl:10 $:87 HP:0(11) Pw:36(36) AC:0 Exp:8 T:8078 Latest messages: An ape suddenly appears next to you! You hit the ape! The ape hits! The ape hits! The ape just misses! You hit the ape! You hit the ape! The ape hits! The ape hits! The ape bites! You kill the ape! You hear crashing rock. What do you want to drop? [$abeghklnp-wHN-PV or ?*] You drop a bag of tricks. You hear crashing rock. The gnome picks up a gem. The gnome wields 4 daggers! You kill the gnome! There are several objects here. x - a black gem. You see here a gnome lord corpse. You see here a bugbear corpse. You see here an ape corpse. You kill the gnome! You see here an orange gem. y - an orange gem. You hear crashing rock. You are carrying too much to get through. The gnome hits! You kill the gnome! What do you want to use or apply? [klnrvwN-P or ?*] You put a black gem into the bag called sack. You put an orange gem into the bag called sack. You put 2 uncursed yellow gems into the bag called sack. You hit the invisible stalker! You hit the invisible stalker! The invisible stalker hits! You kill the invisible stalker! z - a scroll of remove curse. You see here a stalker corpse. The gnome lord wields a thonged club! You hit the gnome lord! The arch-lich appears next to you! The arch-lich touches you! The arch-lich casts a spell at you! Oh no, he's using the touch of death! You feel drained... You die... Do you want your possessions identified? [ynq] (y) Do you want to see your attributes? [ynq] (y) Major events: Turn 1: pescepalla the lawful male human Monk entered the dungeon 674: attained the rank of Novice (level 3) 1226: entered the Gnomish Mines 1962: entered Sokoban 2237: completed sokoban 1 2880: attained the rank of Initiate (level 6) 2912: completed sokoban 2 3732: reached Mine Town 5309: bestowed with Demonbane by Shan Lai Ching 8078: killed by a touch of death Inventory: Coins $ - 87 gold pieces Armor h - an uncursed +0 dwarvish iron helm (being worn) a - an uncursed +2 pair of leather gloves (being worn) H - a blessed +1 pair of low boots (being worn) b - an uncursed +1 robe (being worn) Comestibles q - 2 uncursed avocado sandwiches V - an uncursed tripe ration s - an uncursed lizard corpse Scrolls t - a cursed scroll of blank paper g - a cursed scroll of create monster p - a cursed scroll of enchant armor z - an uncursed scroll of remove curse Wands O - a wand of cancellation (0:2) l - a wand of magic missile (0:1) P - a wand of magic missile (0:1) r - a wand of slow monster (0:5) Tools n - an empty uncursed sack N - an uncursed sack containing 35 items w - a can of grease (0:6) k - an uncursed skeleton key v - an uncursed tin whistle Contents of the sack: 466 gold pieces an uncursed cream pie 8 uncursed food rations 2 uncursed fortune cookies an uncursed pancake 2 uncursed tripe rations 3 uncursed scrolls of earth 2 uncursed scrolls of enchant armor a blessed scroll of enchant weapon an uncursed scroll of enchant weapon an uncursed scroll of fire 2 uncursed scrolls of identify an uncursed scroll of light an uncursed scroll of remove curse an uncursed scroll of teleportation an uncursed potion of extra healing 2 uncursed potions of gain ability a blessed potion of gain level 2 uncursed potions of monster detection 2 uncursed potions of object detection an uncursed potion of oil an uncursed potion of paralysis an uncursed potion of restore ability a blessed potion of see invisible an uncursed potion of speed 2 uncursed potions of water an uncursed ring of fire resistance an uncursed ring of poison resistance an uncursed ring of regeneration an uncursed ring of teleportation a magic marker (0:98) a tinning kit (0:30) an uncursed worthless piece of black glass an uncursed worthless piece of orange glass 2 uncursed worthless pieces of yellow glass Pescepalla the Monk's attributes: Background: You were an Initiate, a level 8 male human Monk. You were lawful, on a mission for Shan Lai Ching who was opposed by Chih Sung-tzu (neutral) and Huan Ti (chaotic). You were in the Gnomish Mines, on level 10. You entered the dungeon 8078 turns ago. You had 2527 experience points, 33 more were needed to attain level 9. Basics: You had 0 out of 11 hit points. You had all 36 energy points (spell power). Your armor class was 0. Your wallet contained 87 zorkmids. Autopickup was on for '$=?"/!%' plus thrown, with exceptions. Final Characteristics: Your strength was 18/02 (peak:18/03, limit:18/100). Your dexterity was 13 (limit:18). Your constitution was 16 (limit:18). Your intelligence was 10 (limit:18). Your wisdom was 9 (limit:18). Your charisma was 10 (limit:18). Final Status: You were not hungry. You were unencumbered. You were empty handed. You had expert skill with martial arts. Final Attributes: You were piously aligned. You were sleep resistant. You were poison resistant. You saw invisible. You were warned. You were stealthy. You were guarded. You were fast. You are dead. Miscellaneous: You never encountered a bones level. Total elapsed playing time was 1 hour, 39 minutes and 29 seconds. Vanquished creatures: a black pudding a stalker a small mimic a tengu a leather golem 2 watchmen 2 crocodiles a giant beetle 3 wolves a panther 2 leprechauns 2 giant spiders 2 orc mummies 4 ogres a rust monster a lizard a dwarf leader 2 dust vortices a raven 2 snakes 2 apes a human zombie a soldier ant a bugbear an imp a quasit a mountain nymph an orc shaman 2 rock piercers a pony a violet fungus 10 gnome leaders 3 gnomish wizards a kobold mummy a guardian naga hatchling a gray ooze 2 ghouls a straw golem a giant ant 2 little dogs a kitten 9 dwarves a homunculus 2 kobold shamans 2 hill orcs 8 rothes 3 giant bats an orc zombie 3 iguanas a gas spore 5 hobbits 2 manes 3 hobgoblins 4 giant rats a red mold 46 gnomes 4 garter snakes a gnome zombie 3 geckos 3 jackals a fox 3 kobolds 5 goblins 5 grid bugs 11 lichens 8 newts 203 creatures vanquished. No species were genocided or became extinct. Voluntary challenges: You followed a strict vegan diet. You never hit with a wielded weapon. You read items or engraved 13 times. You engraved Elbereth 4 times. You never genocided any monsters. You never polymorphed an object. You never changed form. You used no wishes. You did not violate any of the special Sokoban rules. Achievements: You entered a shop. You attained the rank of Novice. You entered the Gnomish Mines. You entered Sokoban. You attained the rank of Initiate. You entered Minetown. You entered a temple. The Dungeons of Doom: levels 1 to 7 Level 1: A fountain. Level 2: A jewelers. Level 3: A fountain. Level 4: A general store, a fountain, a sink, some graves. Stairs down to The Gnomish Mines. Level 5: Level 6: Level 7: Some fountains. Stairs up to Sokoban, level 6. The Gnomish Mines: levels 5 to 10 Level 5: Level 6: Level 7: Many shops, a temple to Shan Lai Ching, some fountains, some trees. Level 8: Level 9: Level 10: <- You were here. Final resting place for you, killed by a touch of death. Sokoban: levels 6 up to 5 Level 5: Solved. Level 6: Solved. Game over: ---------- / \ / REST \ / IN \ / PEACE \ / \ | pescepalla | | 553 Au | | killed by a | | touch of death | | | | | | 2022 | *| * * * | * _________)/\\_//(\/(/\)/\//\/|_)_______ Goodbye pescepalla the Monk... You died in The Gnomish Mines on dungeon level 10 with 11076 points, and 553 pieces of gold, after 8078 moves. You were level 8 with a maximum of 11 hit points when you died.